 Dungeon Crawl Stone Soup version 0.29.1-12-g30fa7ad0bf (webtiles) character file.

Game seed: 7218919748660033463

456 LustLizard the Shooter (level 6, -5/30 HPs)
             Began as a Spriggan Hunter on Dec 27, 2022.
             Slain by an ogre
             ... wielding a +0 giant club
              (13 damage)
             ... on level 5 of the Dungeon.
             The game lasted 00:06:09 (4005 turns).

LustLizard the Shooter (Spriggan Hunter)            Turns: 4005, Time: 00:06:10

Health: -5/30      AC:  3    Str:  7    XL:     6   Next: 77%
Magic:  7/7        EV: 18    Int: 10    God:
Gold:   109        SH:  0    Dex: 21    Spells: 5/5 levels left

rFire   . . .      SeeInvis +   a - +0 shortbow
rCold   . . .      Faith    .   (shield currently unavailable)
rNeg    . . .      Spirit   .   c - +0 robe
rPois   .          Reflect  .   (helmet restricted)
rElec   .          Harm     .   q - +0 cloak
rCorr   .          Rampage  .   (gloves unavailable)
Will    ++...                   (boots unavailable)
Stlth   ++++......              (no amulet)
HPRegen 0.10/turn               h - ring of willpower
MPRegen 0.10/turn               (no ring)

@: very quick
A: very small, no large weapons, unfitting armour, see invisible, speed 3
a: no special abilities


You were on level 5 of the Dungeon.
You visited 2 branches of the dungeon, and saw 6 of its levels.

You collected 109 gold pieces.

Inventory:

Hand Weapons
 a - a +0 shortbow (weapon)
Armour
 c - a +0 robe (worn)
 q - a +0 cloak (worn)
Jewellery
 h - a ring of willpower (left hand)
 l - an amulet of faith
Wands
 t - a wand of mindburst (4)
Scrolls
 b - 2 scrolls of immolation
 f - a scroll of vulnerability {unknown}
 j - 2 scrolls of teleportation {unknown}
 k - a scroll of fear {unknown}
 m - a scroll of silence {unknown}
 p - a scroll of enchant armour {unknown}
 s - a scroll of identify
Potions
 d - 2 potions of cancellation
 e - 2 potions of attraction
 g - 2 potions of haste
 i - 3 potions of curing
 n - a potion of invisibility
 o - a potion of ambrosia {unknown}
 r - a potion of mutation {unknown}
 u - a potion of degeneration {unknown}


   Skills:
 - Level 1.5 Fighting
 * Level 7.1 Ranged Weapons
 - Level 2.6 Dodging
 + Level 6.4 Stealth


You had 5 spell levels left.
You didn't know any spells.
Your spell library contained the following spells:

 Spells                   Type           Power      Damage    Failure   Level
 Tukima's Dance           Hex            0%         N/A       75%         3
 Passage of Golubria      Tloc           0%         N/A       98%         4
 Yara's Violent Unravell  Hex/Tmut       0%         3d3       100%        5


Dungeon Overview and Level Annotations

Branches:
Dungeon (5/15)             Temple (1/1) D:4

Altars:
Ashenzari
Elyvilon
Fedhas
Gozag
Hepliaklqana
Kikubaaqudgha
Makhleb
Nemelex Xobeh
Okawaru
Qazlal
Ru
Sif Muna
Trog
Uskayaw
Wu Jian
Xom
Yredelemnul
The Shining One

Annotations:
D:5 Dowan, Duvessa


Innate Abilities, Weirdness & Mutations

You are very small and have problems with some larger weapons.
You are too small for most types of armour.
You have supernaturally acute eyesight. (SInv)
You cover ground extremely quickly. (Speed+++)


Message History

Fire: a) +0 shortbow
Press: ? - help, Q - select action, (/) - cycle Shift-Dir - straight line, f - ogre, p - hound
Aim: an ogre, wielding a +0 giant club (78% to hit)
You shoot an arrow. The arrow hits the ogre.
The ogre is moderately wounded.
The hound barely misses you. The ogre closely misses you. The hound misses you.
Fire: a) +0 shortbow
Press: ? - help, Q - select action, (/) - cycle Shift-Dir - straight line, f/p - ogre
Aim: an ogre, wielding a +0 giant club (moderately wounded, 78% to hit)
You shoot an arrow. The arrow hits the ogre.
The ogre is moderately wounded.
The hound barely misses you. The ogre misses you. The hound barely misses you.
Fire: a) +0 shortbow
Press: ? - help, Q - select action, (/) - cycle Shift-Dir - straight line, f/p - ogre
Aim: an ogre, wielding a +0 giant club (moderately wounded, 78% to hit)
You shoot an arrow. The arrow hits the ogre.
The ogre is heavily wounded.
The hound barely misses you. The ogre completely misses you.
Fire: a) +0 shortbow
Press: ? - help, Q - select action, (/) - cycle Shift-Dir - straight line, f/p - ogre
Aim: an ogre, wielding a +0 giant club (heavily wounded, 78% to hit)
You shoot an arrow. The arrow closely misses the ogre.
The hound bites you. x2
Unknown command.
Fire: a) +0 shortbow
Press: ? - help, Q - select action, (/) - cycle Shift-Dir - straight line, f/p - ogre
Aim: an ogre, wielding a +0 giant club (heavily wounded, 78% to hit)
You shoot an arrow. The arrow hits the ogre.
The ogre is severely wounded.
The hound closely misses you. The ogre barely misses you.
The hound bites you but does no damage.
Fire: a) +0 shortbow
Press: ? - help, Q - select action, (/) - cycle Shift-Dir - straight line, f/p - ogre
Aim: an ogre, wielding a +0 giant club (severely wounded, 78% to hit)
You shoot an arrow. The arrow hits the ogre!
The ogre is almost dead.
The hound bites you.
* * * LOW HITPOINT WARNING * * *
The ogre hits you with a +0 giant club!
You die...

....>.........
#..............
#.....§...# #..
#....§....# #.#
#....<.§..###.#
#...........#.####
#.........#...... .
...............#####....
.#####........eh@O......
###§##########..... .#
>.. .. .


You could see Duvessa, an ogre and a hound.

Vanquished Creatures
  Sigmund (D:2)
  A phantom (D:4)
  A howler monkey (D:5)
  Crazy Yiuf (D:3)
  A hound (D:4)
  Natasha (D:3)
  3 adders
  3 worms
  3 dart slugs
  An orc (D:3)
  8 endoplasms
  A giant cockroach (D:2)
  7 goblins
  7 hobgoblins
  A quokka (D:2)
  8 ball pythons
  7 bats
  2 frilled lizards
  3 kobolds
  6 rats
66 creatures vanquished.

Vanquished Creatures (others)
  A fungus (D:5)
1 creature vanquished.

Grand Total: 67 creatures vanquished

Notes
Turn   | Place    | Note
-------+----------+-------------------------------------------
     0 | D:1      | LustLizard the Spriggan Hunter began the quest for the Orb.
     0 | D:1      | Reached XP level 1. HP: 10/10 MP: 2/2
   430 | D:1      | Reached XP level 2. HP: 14/14 MP: 3/3
   869 | D:1      | Found a faded altar of an unknown god.
  1701 | D:2      | Reached XP level 3. HP: 18/18 MP: 4/4
  1740 | D:2      | Noticed Sigmund
  1772 | D:2      | Killed Sigmund
  1773 | D:2      | Reached skill level 6 in Ranged Weapons
  1773 | D:2      | Reached skill level 5 in Stealth
  1773 | D:2      | Reached XP level 4. HP: 12/22 MP: 5/5
  1773 | D:2      | Reached XP level 5. HP: 13/25 MP: 6/6
  2198 | D:2      | Identified the +5 scale mail "Ezxumpock" {rF++ rC+ Dex-3}
  2384 | D:3      | Identified the +1 robe "Junailit" {Harm Drain rPois SInv}
  2560 | D:3      | Found an ornate altar of the Wu Jian Council.
  2560 | D:3      | Found a burning altar of Makhleb.
  2561 | D:3      | Found a hazy altar of Hepliaklqana.
  2693 | D:3      | Noticed Natasha
  2696 | D:3      | Killed Natasha
  2961 | D:3      | Found a sparkling altar of Nemelex Xobeh.
  2967 | D:3      | Reached XP level 6. HP: 30/30 MP: 7/7
  3125 | D:3      | Found a runed translucent door.
  3126 | D:3      | Noticed Crazy Yiuf
  3225 | D:3      | Killed Crazy Yiuf
  3381 | D:4      | Found a white marble altar of Elyvilon.
  3381 | D:4      | Found a glowing golden altar of the Shining One.
  3461 | D:4      | Found a staircase to the Ecumenical Temple.
  3480 | Temple   | Entered the Ecumenical Temple
  3658 | D:4      | Reached skill level 7 in Ranged Weapons
  3741 | D:4      | Identified the +2 leather armour of Catatonia {rC+ Int+3}
  3888 | D:4      | Found an iron altar of Okawaru.
  3980 | D:5      | Entered Level 5 of the Dungeon
  3998 | D:5      | Noticed Dowan
  3999 | D:5      | Noticed Duvessa
  4005 | D:5      | Slain by an ogre

Illustrated notes

Levels and vault maps discovered:
D:1:      dpeg_arrival_signposts, layout_basic,
          shapermc_ecumenical_altar_mp_highgroup
D:2:      layout_rooms, serial_glass, glass_columns_a, glass_columns_b,
          glass_columns_a, glass_columns_c, glass_columns_b, glass_columns_b,
          glass_columns_a, glass_columns_a, glass_columns_a, glass_columns_c,
          glass_columns_b, glass_columns_c, glass_columns_a, glass_columns_c,
          due_unseen_surprise, feat_on_display, minivault_4, uniq_sigmund
D:3:      layout_loops_corners, nemelex_dance_club_becter,
          chequers_temple_overflow_statue_of_worship, uniq_crazy_yiuf_cottage,
          uniq_natasha
D:4:      layout_cave_pools, nicolae_overflow_two_pavilions,
          mainiacjoe_overflow_small_starburst, minmay_temple_entry_glassed_door
D:5:      layout_rooms, vehumet_crystals, dreamdust_gnoll_farm, uniq_duvessa,
          uniq_prince_ribbit1
Temple:   jpeg_temple_clearing

Skill      XL: |  1  2  3  4  5  6 |
---------------+-------------------+-----
Stealth        | 2 3 5 6 |  6.4
Ranged Weapons | 6 7 |  7.1
Fighting       | |  1.5
Dodging        | |  2.6

Action                   |  1- 3 |  4- 6 || total
-------------------------+-------+-------++-------
 Fire: Shortbow          |    81 |   129 ||   210
  Use: Scroll            |       |     5 ||     5
Armor: Robe              |     1 |     4 ||     5
Dodge: Dodged            |    17 |    40 ||    57
